[Event "*** Titled Tuesday Blitz"]
[Site "Chess.com"]
[Date "2020.04.14"]
[Round "2"]
[White "Filip_Covic"]
[Black "Nikolaj_6"]
[Result "0-1"]
[WhiteElo "2304"]
[BlackElo "2622"]
[TimeControl "180+1"]
[EndTime "10:16:42 PDT"]
[Termination "Nikolaj_6 won by resignation"]

1. d4 Nf6 2. c4 e6 3. Nf3 c5 4. d5 exd5 5. cxd5 d6 6. Nc3 g6 7. Bf4 a6 8. a4 Bg7 9. e3 O-O 10. h3 Ne8 11. Be2 Nd7 12. O-O Qe7 13. Re1 f5 14.
Qc2 Ne5 15. a5 Rb8 16. Na4 Kh8 17. Rab1 Nc7 18. Red1 Bd7 19. Nxc5 Nxf3+ 20. Bxf3 g5 21. Bg3 f4 22. exf4 Bf5 23. Be4 gxf4 24. Bh2 dxc5 25. Bxf5 Qg5 26. Bg4 Nxd5 27. Qxc5 Rbd8 28. Bf3 Rf5 29.
Rd3 Ne3 30. Rxd8+ Qxd8 31. Qc1 Nd5 32. Qd1 Qxa5 33. b4 Qb5 34. Be4 Nc3 35. Qd8+ Rf8 36. Qd3 Qxd3 37. Bxd3 Nxb1 38. Bxb1 Rc8 39. Bxf4 Rc4 40. g3 Rxb4 41. Bd3 a5 42. Bd6 Rb3 43. Bc4 Rc3 44. Bb5 Rb3 45. Bd7 b5 46. Kf1 a4 47. Be6 Rb1+ 48. Ke2 b4 49. Bf4 a3 50. Bf5 Rb2+ 0-1

[Event "*** Titled Tuesday Blitz"]
[Site "Chess.com"]
[Date "2020.04.14"]
[Round "2"]
[White "Smexov"]
[Black "MasterKroket"]
[Result "0-1"]
[WhiteElo "2165"]
[BlackElo "2435"]
[TimeControl "180+1"]
[EndTime "10:16:42 PDT"]
[Termination "MasterKroket won by resignation"]

1. e4 c5 2. Nc3 Nc6 3. g3 g6 4.
Bg2 Bg7 5. d3 d6 6. Be3 e6 7. Qd2 Rb8 8. Nge2 b5 9. O-O Nge7 10.
Bh6 O-O 11. Bxg7 Kxg7 12. d4 Qc7 13. dxc5 dxc5 14. Qe3 Ne5 15. b3 Rd8 16. Rad1 Ba6 17. h3 b4 18. Na4 c4 19. f4 N5c6 20. Rxd8 Rxd8 21. f5 exf5 22. exf5 Ng8 23. Nc5 Bc8 24. bxc4 Ne5 25. Bd5 Nf6 26. fxg6 hxg6 27. Rxf6 Kxf6 28. Qf4+ Kg7 29. Nd3 f6 30. Nd4 Bxh3 31. Be6 Rxd4 0-1

[Event "*** Titled Tuesday Blitz"]
[Site "Chess.com"]
[Date "2020.04.14"]
[Round "2"]
[White "JozefKneht"]
[Black "ChessWarrior7197"]
[Result "0-1"]
[WhiteElo "2602"]
[BlackElo "2909"]
[TimeControl "180+1"]
[EndTime "10:16:43 PDT"]
[Termination "ChessWarrior7197 won on time"]

1. e4 c5 2. Nf3 d6 3. d4 cxd4 4. Nxd4 Nf6 5. Nc3 a6 6. Bg5 e6 7. f4 h6 8. Bh4 Qb6 9. Qd3 Qxb2 10. Rb1 Qa3 11. e5 dxe5 12. fxe5 g5 13. Bg3 Nh5 14. Be2 Nxg3 15. hxg3 Nd7 16. O-O Nxe5 17. Qe3 Bg7 18. Rb3 Qe7 19. Nf5 exf5 20. Nd5 Qd6 21. Nb6 Rb8 22. Rd1 Qg6 23. Qc5 Qc6 24. Qa3 Bf8 25. Qb2 Bc5+ 26. Kh2 f6 27. Rd5 O-O 0-1

[Event "*** Titled Tuesday Blitz"]
[Site "Chess.com"]
[Date "2020.04.14"]
[Round "2"]
[White "Kiborg95"]
[Black "AnkitGajwa"]
[Result "1-0"]
[WhiteElo "2790"]
[BlackElo "2549"]
[TimeControl "180+1"]
[EndTime "10:16:43 PDT"]
[Termination "Kiborg95 won by resignation"]

1. e4 c5 2. Nc3 Nc6 3. Nge2 d6 4. d4 cxd4 5. Nxd4 Nf6 6. Bc4 e5 7. Nde2 h6 8. O-O Be7 9. Ng3 O-O 10. Nh5 Be6 11.
Bb3 Nd4 12. Nxf6+ Bxf6 13. Be3 Nxb3 14. axb3 a6 15. Qd3 Be7 16. Nd5 f5 17. Rfd1 Bg5 18. Bxg5 Qxg5 19. Nc7 fxe4 20. Qxe4 Qf6 21. Nxa8 d5 22.
Qf3 Qg6 23. Qg3 Qxg3 24. hxg3 Rxa8 25. Re1 e4 26. f3 Bf5 27. c3 Rd8 28. Rad1 Kf7 29.
fxe4 Bxe4 30. Rxe4 1-0

[Event "*** Titled Tuesday Blitz"]
[Site "Chess.com"]
[Date "2020.04.14"]
[Round "2"]
[White "Natalya_Buksa"]
[Black "quesfr"]
[Result "1-0"]
[WhiteElo "2471"]
[BlackElo "2204"]
[TimeControl "180+1"]
[EndTime "10:16:43 PDT"]
[Termination "Natalya_Buksa won by checkmate"]

1. e4 e6 2. d4 d5 3. Nd2 c5 4.
Ngf3 cxd4 5. Nxd4 Nf6 6. exd5 Qxd5 7. c3 Nc6 8. Nb5 Qd8 9. Be2 a6 10. Na3 Bxa3 11. bxa3 O-O 12. O-O e5 13. Nc4 Be6 14. Be3 Nd5 15. Bc5 Nxc3 16. Qc2 Nxe2+ 17. Qxe2 Bxc4 18.
Qxc4 Re8 19. a4 Rc8 20. Rfd1 Nd4 21. Qb4 a5 22. Qb6 Qd5 23. Bxd4 exd4 24. Rxd4 Qxa2 25. Rf1 Rc4 26. Rd7 Qxa4 27. Rxb7 Qc2 28. Qb5 Rce4 29.
g3 a4 30. Qd5 g6 31. Qxf7+ Kh8 32. Qg7# 1-0

[Event "*** Titled Tuesday Blitz"]
[Site "Chess.com"]
[Date "2020.04.14"]
[Round "2"]
[White "TV27"]
[Black "ApacheSVD"]
[Result "1-0"]
[WhiteElo "2072"]
[BlackElo "2371"]
[TimeControl "180+1"]
[EndTime "10:16:43 PDT"]
[Termination "TV27 won by resignation"]

1. c4 c5 2. Nc3 Nc6 3. g3 e5 4. Bg2 g6 5. e4 Bg7 6. d3 Nge7 7. Nge2 O-O 8. O-O d6 9. f4 a6 10. h3 Rb8 11. g4 b5 12. f5 f6 13. Kh1 Nd4 14. Nxd4 cxd4 15. Nd5 bxc4 16. dxc4 Nxd5 17.
exd5 Qc7 18. b3 Bd7 19. Be4 a5 20. fxg6 hxg6 21. Bxg6 f5 22. gxf5 e4 23. Qh5 Rf6 24. Bg5 Be8 25. Bxf6 Bxf6 26. Bxe8 d3 27. Rg1+ Kf8 28.
Rad1 Rxe8 29. Rg8+ Kxg8 30. Qxe8+ Kh7 31. Qg6+ Kh8 32.
Qxf6+ Qg7 33. Qxg7+ Kxg7 34. Kg2 e3 35. Rxd3 e2 36. Re3 e1=Q 37. Rxe1 1-0

[Event "*** Titled Tuesday Blitz"]
[Site "Chess.com"]
[Date "2020.04.14"]
[Round "2"]
[White "Jospem"]
[Black "SONOFHOLYGOD"]
[Result "1-0"]
[WhiteElo "2891"]
[BlackElo "2591"]
[TimeControl "180+1"]
[EndTime "10:16:44 PDT"]
[Termination "Jospem won by resignation"]

1. c4 c5 2. Nf3 Nc6 3. Nc3 g6 4. e3 Bg7 5. d4 cxd4 6. exd4 Nf6 7. d5 Nb8 8. Be2 d6 9. Nd4 O-O 10. Be3 e5 11. dxe6 fxe6 12. O-O e5 13. Ndb5 Ne8 14.
Nd5 Nd7 15. Bg4 a6 16. Nbc3 Nc5 17. Bxc5 dxc5 18. Bxc8 Rxc8 19. Ne4 Nd6 20. Qd3 Nf5 21. Rad1 Nd4 22. Kh1 b5 23. b3 b4 24. f3 Kh8 25.
Rde1 Qh4 26. Nf2 Nf5 27. Kg1 Nd4 28. Re4 Qg5 29. Kh1 Rfd8 30. Qd1 Nf5 31. Qe1 Qh6 32. Ng4 Qh5 33. Nxe5 Rf8 34. g4 Qh3 35. gxf5 Rxf5 36.
Rf2 Rcf8 37. Qe2 h5 38. Nxg6+ Kh7 39. Nxf8+ Rxf8 40. Nf4 Qf5 41. Ne6 Rf7 42. Rg2 Bc3 43.
Ng5+ 1-0

[Event "*** Titled Tuesday Blitz"]
[Site "Chess.com"]
[Date "2020.04.14"]
[Round "2"]
[White "Manukyan_Artak"]
[Black "tsvet2005"]
[Result "0-1"]
[WhiteElo "2326"]
[BlackElo "2688"]
[TimeControl "180+1"]
[EndTime "10:16:45 PDT"]
[Termination "tsvet2005 won by resignation"]

1. e4 c5 2. Nf3 d6 3. Bb5+ Nd7 4. O-O a6 5. Bd3 Ngf6 6. c3 e6 7. a4 Be7 8. Re1 Qc7 9. Na3 O-O 10. Bb1 b6 11. d4 cxd4 12. cxd4 Bb7 13. Bf4 Rac8 14. e5 dxe5 15. Nxe5 Nxe5 16. Bxe5 Qd7 17. Qd3 g6 18. Nc4 Nd5 19. Ne3 Nxe3 20. Qxe3 Qd5 21. f3 Bb4 22. Qh6 f6 23. Bxg6 Qd7 24.
Rec1 Rxc1+ 25. Rxc1 fxe5 26. Qxh7+ Qxh7 27. Bxh7+ Kxh7 28. Rc7+ Kg6 29. Rxb7 exd4 30. Rd7 Rc8 31. Kf1 e5 32. f4 Rc1+ 33. Ke2 Rc2+ 34. Kf3 exf4 35. Rxd4 Bc5 36.
Rxf4 Rf2+ 37. Ke4 Rxf4+ 38. Kxf4 Bd6+ 39. Ke4 Bxh2 40. Kd5 a5 41. Kc6 Bg1 42. Kb5 Bc5 43. b4 axb4 44. a5 bxa5 45. Kxc5 b3 0-1

[Event "*** Titled Tuesday Blitz"]
[Site "Chess.com"]
[Date "2020.04.14"]
[Round "2"]
[White "benko_008"]
[Black "Alkhoori90"]
[Result "1-0"]
[WhiteElo "2387"]
[BlackElo "2047"]
[TimeControl "180+1"]
[EndTime "10:16:45 PDT"]
[Termination "benko_008 won by resignation"]

1. Nf3 c5 2. c4 Nc6 3. d4 g6 4. d5 Nb8 5. e4 d6 6. h3 Bg7 7. Bd3 Nf6 8. O-O O-O 9. Nc3 e6 10. Re1 e5 11. Bg5 h6 12. Be3 Ne8 13. Qd2 Kh7 14. Nh2 Nf6 15. Be2 Ng8 16. g4 f5 17. exf5 gxf5 18. gxf5 Bxf5 19. Bd3 Qh4 20. Bxf5+ Rxf5 21. Kg2 Kh8 22. Qe2 Nd7 23. Qg4 Qxg4+ 24. hxg4 Rf7 25. Ne4 Bf8 26. f3 Ndf6 27. Ng3 Bg7 28.
Nhf1 Ne7 29. Nd2 Raf8 30. Rh1 Nfg8 31. Raf1 Kh7 32. Nde4 Kg6 33. Nxd6 Rf4 34. Bxf4 exf4 35. Nge4 Bxb2 36. Nxb7 Rb8 37. Nbxc5 Bd4 38. Rb1 Rc8 39. d6 Bxc5 40. Nxc5 Rxc5 41. dxe7 Nxe7 42. Rhc1 Nc6 43. Rb5 Re5 44. Rxe5 Nxe5 45. c5 Nd3 46. Rc3 Ne1+ 47. Kf2 1-0

[Event "*** Titled Tuesday Blitz"]
[Site "Chess.com"]
[Date "2020.04.14"]
[Round "2"]
[White "Pittiplatsh"]
[Black "wannabe2700"]
[Result "0-1"]
[WhiteElo "2355"]
[BlackElo "2674"]
[TimeControl "180+1"]
[EndTime "10:16:46 PDT"]
[Termination "wannabe2700 won by resignation"]

1. e4 e6 2. d4 d5 3. Nd2 c5 4. exd5 Qxd5 5. Ngf3 cxd4 6. Bc4 Qd7 7. O-O Nc6 8. Qe2 Nf6 9. Nb3 Bd6 10. Rd1 Qc7 11. Bg5 O-O 12. Nbxd4 Be7 13. Nxc6 Qxc6 14. Ne5 Qc7 15.
Rd2 a6 16. Rad1 b5 17. Bb3 Nd5 18. Bxd5 exd5 19. Bxe7 Qxe7 20. Re1 Be6 21. Nf3 Qb4 22. c3 Qa4 23. a3 Rac8 24. Nd4 Bd7 25. Qf3 Qc4 26. Re7 Rcd8 27. h3 Qc5 28. Qf4 Qxe7 0-1

[Event "*** Titled Tuesday Blitz"]
[Site "Chess.com"]
[Date "2020.04.14"]
[Round "2"]
[White "ahappypawn"]
[Black "hedgehog280"]
[Result "0-1"]
[WhiteElo "2310"]
[BlackElo "2658"]
[TimeControl "180+1"]
[EndTime "10:16:46 PDT"]
[Termination "hedgehog280 won on time"]

1. d4 d5 2. c4 e6 3. Nc3 a6 4.
cxd5 exd5 5. Bf4 h6 6. e3 Nf6 7. Nf3 Bd6 8. Bxd6 Qxd6 9. Bd3 O-O 10. Qc2 Nc6 11. a3 Bg4 12. Nh4 Rfe8 13. O-O Ne7 14. h3 Bh5 15. Rac1 c6 16. Ne2 Bxe2 17.
Qxe2 Qe6 18. Qf3 Ne4 19. Qe2 f5 20. Nf3 Ng6 21. b4 f4 22. Nd2 Nxd2 23. Qxd2 f3 24. g4 h5 25. Bf5 Qf6 26. Qd3 Nh4 27. Rc3 g6 28. Bd7 Re4 29. a4 hxg4 30. Bxg4 Qg5 31.
Rfc1 Rxg4+ 32. hxg4 Qxg4+ 33. Kf1 Ng2 34. b5 Qh5 35.
Kg1 Kg7 0-1

[Event "*** Titled Tuesday Blitz"]
[Site "Chess.com"]
[Date "2020.04.14"]
[Round "2"]
[White "peixe64"]
[Black "RovenVogel"]
[Result "0-1"]
[WhiteElo "2307"]
[BlackElo "2623"]
[TimeControl "180+1"]
[EndTime "10:16:47 PDT"]
[Termination "RovenVogel won by resignation"]

1. d4 Nf6 2. c4 e6 3. Nc3 Bb4 4. Nf3 O-O 5. e3 d5 6. Bd3 dxc4 7. Bxc4 c5 8. O-O b6 9. a3 Bxc3 10. bxc3 Qc7 11. Qe2 Nc6 12. Ba6 Bxa6 13. Qxa6 Na5 14.
Ne5 Nd5 15. c4 Nc3 16. Bd2 cxd4 17. exd4 Ne2+ 18. Kh1 Nxd4 19. Bxa5 Qxe5 20. Bc3 Rfd8 21. Rad1 Qc5 22. Qb7 Qc6 23. Qa6 e5 24. Rfe1 f6 25. h3 Rd7 26. a4 Nb3 27. Qb5 Qxb5 28. axb5 Rc7 29. Rb1 Nc5 30. Ra1 Rac8 31. Reb1 Ne4 32. Be1 Rd7 33. f3 Nc5 34. Ra3 Ne6 35. Rba1 Rxc4 36.
Bf2 Rcc7 37. Kh2 Kf7 38. Ra6 Nd4 39. Be3 Nxb5 40. Rb1 Nc3 41. Rb3 Nd5 42. Bf2 Nf4 43. Ra4 Rc2 44. Kg1 Rd1+ 0-1

[Event "*** Titled Tuesday Blitz"]
[Site "Chess.com"]
[Date "2020.04.14"]
[Round "2"]
[White "katchesskat"]
[Black "Stewie_89"]
[Result "0-1"]
[WhiteElo "2162"]
[BlackElo "2639"]
[TimeControl "180+1"]
[EndTime "10:16:49 PDT"]
[Termination "Stewie_89 won by checkmate"]

1. c4 e5 2. e3 Nc6 3. a3 g6 4. Qc2 Bg7 5. b4 f5 6. Bb2 d6 7.
d3 Nf6 8. Nf3 O-O 9. Nbd2 h6 10.
h4 Qe7 11. Be2 Be6 12. g3 Nh5 13. b5 Nd8 14. a4 Kh7 15. a5 Bg8 16. Ra4 Ne6 17. Ra1 Rae8 18. b6 axb6 19. axb6 cxb6 20.
Ra7 Ra8 21. Qa4 Nc5 22. Qa1 Rxa7 23. Qxa7 f4 24. g4 fxe3 25. gxh5 exd2+ 26. Kxd2 gxh5 27. Rg1 Be6 28. Qxb6 Bg4 29. Rg3 e4 30. Bxg7 Qxg7 31. Ne1 exd3 32. Nxd3 Ne4+ 33. Kc2 Qc3+ 34. Kb1 Nd2+ 35.
Ka2 Ra8+ 36. Qa7 Rxa7# 0-1

[Event "*** Titled Tuesday Blitz"]
[Site "Chess.com"]
[Date "2020.04.14"]
[Round "2"]
[White "Renegade_Hitman"]
[Black "ajian"]
[Result "0-1"]
[WhiteElo "1913"]
[BlackElo "2369"]
[TimeControl "180+1"]
[EndTime "10:16:50 PDT"]
[Termination "ajian won on time"]

1. c4 e6 2. Nc3 d5 3. d4 Nf6 4. Nf3 Be7 5. Bf4 O-O 6. e3 b6 7. cxd5 Nxd5 8. Bd3 Bb7 9. O-O Nxf4 10. exf4 Nd7 11.
Bc2 Nf6 12. Ne5 c5 13. dxc5 Bxc5 14. Qe2 Qe7 15. Ne4 Nxe4 16. Bxe4 Rac8 17. Rad1 Rfd8 18. Qf3 Bxe4 19. Qxe4 Rxd1 20. Rxd1 Rd8 21. Rxd8+ Qxd8 22. g3 g6 23. Nc6 Qd2 24. Qf3 Qxb2 25. Nxa7 Qxa2 0-1

[Event "*** Titled Tuesday Blitz"]
[Site "Chess.com"]
[Date "2020.04.14"]
[Round "2"]
[White "Tesla37"]
[Black "enriquetejedor"]
[Result "1-0"]
[WhiteElo "2884"]
[BlackElo "2588"]
[TimeControl "180+1"]
[EndTime "10:16:51 PDT"]
[Termination "Tesla37 won by resignation"]

1. e4 c5 2. Nf3 e6 3. Nc3 a6 4. d4 cxd4 5. Nxd4 b5 6. Bd3 Bb7 7.
O-O Nc6 8. Nxc6 Bxc6 9. Re1 Bc5 10. Qh5 Qb6 11. Be3 Bxe3 12. Rxe3 Ne7 13. Rae1 Ng6 14.
Nd5 Qd8 15. Rg3 O-O 16. Ne3 Qf6 17. Ng4 Qxb2 18. e5 Qb4 19. c3 Qf4 20. Rh3 h6 21. Bxg6 fxg6 22. Qxg6 Kh8 23. Nf6 Rxf6 24. exf6 Qxf6 25.
Rxh6+ Kg8 26. Qh7+ Kf7 27. Rxf6+ Kxf6 28. h4 Bd5 29. a3 Rc8 30. Qd3 Rc6 31. h5 Rc4 32. Qg6+ Ke7 33. Qxg7+ Kd6 34. h6 a5 35. h7 Rg4 36.
Qxg4 1-0

[Event "*** Titled Tuesday Blitz"]
[Site "Chess.com"]
[Date "2020.04.14"]
[Round "2"]
[White "cancrushyou"]
[Black "viktorko131"]
[Result "1-0"]
[WhiteElo "2423"]
[BlackElo "2140"]
[TimeControl "180+1"]
[EndTime "10:16:51 PDT"]
[Termination "cancrushyou won on time"]

1. Nf3 Nf6 2. e3 d5 3. c4 c6 4. b3 Bf5 5. Bb2 e6 6. Be2 h6 7. O-O Be7 8. d3 O-O 9. Nbd2 Nbd7 10. Re1 Nc5 11. Ne5 Ne8 12. b4 Nd7 13. a3 Nxe5 14.
Bxe5 Bf6 15. Bxf6 Nxf6 16. Qb3 e5 17. cxd5 cxd5 18. Rac1 Rc8 19. Nf3 Re8 20. d4 exd4 21. Nxd4 Bg6 22. Bb5 Re7 23. Rc5 Rec7 24. Rec1 b6 25.
Rxc7 Rxc7 26. Rc6 Rxc6 27. Bxc6 Qd6 28. h3 Kh7 29. Qa4 a5 30. bxa5 bxa5 31. Qxa5 Be4 32. Qb4 Qc7 33. a4 Nd7 34. Bxd7 Qxd7 35. a5 Qc7 36. a6 Qc1+ 37. Kh2 Qf1 38. f3 1-0

[Event "*** Titled Tuesday Blitz"]
[Site "Chess.com"]
[Date "2020.04.14"]
[Round "2"]
[White "Kingsman132"]
[Black "Klavdia_Nik"]
[Result "1-0"]
[WhiteElo "2413"]
[BlackElo "2134"]
[TimeControl "180+1"]
[EndTime "10:16:51 PDT"]
[Termination "Kingsman132 won on time"]

1. g3 Nf6 2. Bg2 g6 3. e4 d6 4.
d4 Bg7 5. Nc3 O-O 6. Nge2 c6 7.
O-O Nbd7 8. b3 c5 9. Bb2 cxd4 10. Nxd4 a6 11. Nd5 Nc5 12. Re1 e6 13. Nxf6+ Bxf6 14. Qd2 Qc7 15. Nb5 Qe7 16. Bxf6 Qxf6 17. Nxd6 e5 18. Qd5 Ne6 19. Nxc8 Raxc8 20. c4 Nd4 21. Rad1 b5 22. Rc1 Rfd8 23. Qb7 bxc4 24. Rxc4 Rb8 25. Qc7 h5 26. h4 Kg7 27. Rc5 Rbc8 28. Qxe5 Qxe5 29.
Rxe5 Rc2 30. a4 Nxb3 31. Re7 Rdd2 32. Rf1 Nd4 33. e5 1-0

[Event "*** Titled Tuesday Blitz"]
[Site "Chess.com"]
[Date "2020.04.14"]
[Round "2"]
[White "Kobalia"]
[Black "silverback96"]
[Result "1-0"]
[WhiteElo "2644"]
[BlackElo "2177"]
[TimeControl "180+1"]
[EndTime "10:16:52 PDT"]
[Termination "Kobalia won by resignation"]

1. e4 e5 2. Nf3 Nc6 3. Bb5 a6 4. Ba4 Nf6 5. O-O Be7 6. d3 b5 7. Bb3 O-O 8. a4 b4 9. Nbd2 d6 10. a5 Bg4 11. c3 bxc3 12. bxc3 Rb8 13. h3 Bh5 14. Bc4 Qc8 15. Re1 Re8 16. Nf1 Bf8 17. Ng3 Bg6 18. Nh4 Nd8 19. Nhf5 Ne6 20. h4 Nf4 21.
Qf3 N6h5 22. Nxh5 Bxh5 23. g4 Bg6 24. Bxf4 exf4 25. Qxf4 Bxf5 26. Qxf5 Qxf5 27. exf5 c6 28. Rxe8 Rxe8 29. Bxa6 Rb8 30. d4 d5 31. Bd3 c5 32. a6 cxd4 33. cxd4 Bb4 34. a7 Ra8 35. Bb5 Bc3 36. Ra4 Bxd4 37. Rxd4 Rxa7 38. Rxd5 h6 39.
Kg2 Kh7 40. Bc4 h5 41. g5 Ra4 42. Rc5 Kg8 43. g6 Kf8 44. Rc8+ Ke7 45. Rc7+ 1-0

[Event "*** Titled Tuesday Blitz"]
[Site "Chess.com"]
[Date "2020.04.14"]
[Round "2"]
[White "steepedgames"]
[Black "SergeiAza"]
[Result "1-0"]
[WhiteElo "2440"]
[BlackElo "2776"]
[TimeControl "180+1"]
[EndTime "10:16:52 PDT"]
[Termination "steepedgames won by resignation"]

1. d4 Nf6 2. Nf3 b6 3. g3 Bb7 4. Bg2 e6 5. O-O Be7 6. c4 O-O 7. Nc3 Ne4 8. Qc2 Nxc3 9. Qxc3 f5 10. h4 Bf6 11. Bf4 Nc6 12. Qd2 Ne7 13. Rfd1 Be4 14. Ne5 Bxg2 15. Kxg2 d6 16. Nf3 Ng6 17. Bg5 f4 18.
Bxf4 Bxh4 19. Bg5 Bxg5 20. Qxg5 Qe8 21. Rh1 Rf5 22. Qg4 h6 23. d5 Rf6 24. dxe6 Qxe6 25. Qxe6+ Rxe6 26. Nd4 Re4 27. e3 c5 28. Nb5 Rxc4 29. Nxd6 Rc2 30. b3 Rf8 31. Ne4 Ne5 32. Rhc1 Ng4 33. Rxc2 1-0

[Event "*** Titled Tuesday Blitz"]
[Site "Chess.com"]
[Date "2020.04.14"]
[Round "2"]
[White "lucasran"]
[Black "Barbus89"]
[Result "1-0"]
[WhiteElo "2651"]
[BlackElo "2321"]
[TimeControl "180+1"]
[EndTime "10:16:52 PDT"]
[Termination "lucasran won on time"]

1. Nf3 Nf6 2. c4 g6 3. Nc3 d5 4. d4 Bg7 5. Bg5 O-O 6. Bxf6 Bxf6 7. cxd5 c6 8. e3 cxd5 9. Rc1 Nc6 10. Bd3 Bg4 11.
h3 Bxf3 12. Qxf3 e5 13. Nxd5 Bg7 14. O-O exd4 15. e4 Ne7 16. Bc4 Nxd5 17. Bxd5 Qb6 18. b3 a5 19. Rc4 Be5 20. Rfc1 Kg7 21. Qg4 h5 22. Qd7 Rad8 23. Qxb7 Qxb7 24. Bxb7 Bd6 25. Kf1 d3 26. Rd1 Bb4 27. Bd5 Rc8 28. Rxd3 Rxc4 29.
Bxc4 Re8 30. f3 Re7 31. Rd5 Ra7 32. Rb5 1-0

[Event "*** Titled Tuesday Blitz"]
[Site "Chess.com"]
[Date "2020.04.14"]
[Round "2"]
[White "BlackWidow515"]
[Black "jwillz14"]
[Result "0-1"]
[WhiteElo "1960"]
[BlackElo "2376"]
[TimeControl "180+1"]
[EndTime "10:16:52 PDT"]
[Termination "jwillz14 won by checkmate"]

1. e4 c6 2. d4 d5 3. exd5 cxd5 4.
Bd3 Nc6 5. Ne2 Bg4 6. c3 e6 7. h3 Bh5 8. Be3 Bd6 9. Nd2 Nge7 10.
O-O Qc7 11. a4 h6 12. b4 g5 13. a5 a6 14. Nb3 g4 15. h4 g3 16. f3 Bg6 17. b5 axb5 18. Bxb5 Nf5 19. Qc1 Kf8 20. c4 dxc4 21. Bxc4 Qe7 22. Bf4 Qxh4 23. Rd1 Rc8 24. Ra4 Qh2+ 25. Kf1 Nce7 26. Bxd6 Nxd6 27. Nc5 Ndf5 28. Qf4 Kg7 29. Bd5 Nxd5 30. Qe5+ Nf6 31. d5 Rxc5 32. Rg4 Rc2 33. Ng1 Qxg2+ 34. Ke1 Qf2# 0-1

[Event "*** Titled Tuesday Blitz"]
[Site "Chess.com"]
[Date "2020.04.14"]
[Round "2"]
[White "Guachiney"]
[Black "MishkaFighter"]
[Result "1-0"]
[WhiteElo "2833"]
[BlackElo "2568"]
[TimeControl "180+1"]
[EndTime "10:16:53 PDT"]
[Termination "Guachiney won by checkmate"]

1. e4 c5 2. Nf3 e6 3. d4 cxd4 4. Nxd4 Nc6 5. Nc3 Qc7 6. Be3 a6 7. Qf3 Nf6 8. O-O-O Ne5 9. Qg3 b5 10. a3 Bb7 11. Bxb5 Rc8 12. Ba4 Bxa3 13. Bf4 Bd6 14. Qxg7 Ke7 15. Bg5 Ng4 16. Bb3 Bf4+ 17. Kb1 Bxg5 18.
Qxg5 Rhg8 19. Qh4 Ne5 20. f4 Ng6 21. Qe1 Qxf4 22. Rf1 Qxh2 23. Nf5+ exf5 24. exf5+ Ne5 25. Na4 d6 26. Qb4 Rcd8 27. Qxb7+ Rd7 28. Qxa6 Rxg2 29. Nb6 Rc7 30. Qa4 Ne4 31. Nd5+ Kf8 32. Nxc7 Nd2+ 33. Rxd2 Rxd2 34. f6 Rxc2 35. Qe8# 1-0

[Event "*** Titled Tuesday Blitz"]
[Site "Chess.com"]
[Date "2020.04.14"]
[Round "2"]
[White "RojonR"]
[Black "VishnuPrasanna"]
[Result "0-1"]
[WhiteElo "2403"]
[BlackElo "2684"]
[TimeControl "180+1"]
[EndTime "10:16:53 PDT"]
[Termination "VishnuPrasanna won by resignation"]

1. e4 c5 2. Nf3 d6 3. d4 cxd4 4.
Qxd4 Nf6 5. Nc3 Nc6 6. Bb5 Bd7 7. Bxc6 Bxc6 8. Bg5 e6 9. O-O-O Be7 10. Qd3 Qa5 11. h4 h6 12. Bd2 Qa6 13. Qxa6 bxa6 14. Rhe1 O-O 15. Nd4 Bb7 16. Re2 Rfc8 17. f3 Rab8 18.
g4 Nd7 19. g5 h5 20. g6 Ne5 21. gxf7+ Kxf7 22. Bg5 Bf6 23. f4 Ng4 24. Bxf6 gxf6 25. f5 e5 26. Ne6 Rc6 27. Red2 Ne3 28. Rg1 Ng4 29. Rgd1 Ne3 30. Rg1 Ng4 31. Rg3 Rb6 32. Rgd3 Ke7 33. b3 Rc8 34. Kb2 a5 35. a4 Rg8 36. Nb5 Bxe4 37. Rxd6 Rxd6 38. Nxd6 Bxf5 39. Nc5 Bc8 40. Nxc8+ Rxc8 41. Nb7 f5 42. Nxa5 f4 43. Nc4 Ke6 44. Rd6+ Kf5 0-1

[Event "*** Titled Tuesday Blitz"]
[Site "Chess.com"]
[Date "2020.04.14"]
[Round "2"]
[White "Bykov_Egor"]
[Black "bancsoo"]
[Result "1-0"]
[WhiteElo "2555"]
[BlackElo "2753"]
[TimeControl "180+1"]
[EndTime "10:16:54 PDT"]
[Termination "Bykov_Egor won by resignation"]

1. d4 d5 2. c4 c6 3. Nf3 Nf6 4. e3 Bf5 5. Nc3 e6 6. Nh4 Bg6 7. Qb3 Qc7 8. Nxg6 hxg6 9. Bd2 Nbd7 10. h3 Nb6 11. cxd5 exd5 12. Bd3 Bd6 13. O-O-O a5 14. e4 a4 15. Qc2 dxe4 16. Nxe4 Nxe4 17. Bxe4 a3 18.
b3 Bf4 19. Bxc6+ Kf8 20. Bf3 Bxd2+ 21. Rxd2 Qd6 22. Kb1 Rc8 23. Qd3 Nd5 24. Rc1 Rxc1+ 25. Kxc1 Nb4 26. Qc4 Ke7 27. Re2+ Kf6 28. d5 Rh4 29.
Qxh4+ 1-0

[Event "*** Titled Tuesday Blitz"]
[Site "Chess.com"]
[Date "2020.04.14"]
[Round "2"]
[White "VojtechPlat"]
[Black "LimeInTheCoconut"]
[Result "1-0"]
[WhiteElo "2734"]
[BlackElo "2336"]
[TimeControl "180+1"]
[EndTime "10:16:55 PDT"]
[Termination "VojtechPlat won by resignation"]

1. b3 d5 2. Bb2 Bg4 3. h3 Bh5 4. g4 Bg6 5. Bg2 c6 6. Nf3 Nd7 7. d3 f6 8. Nbd2 e6 9. e4 Bd6 10. Qe2 Ne7 11. e5 fxe5 12. Nxe5 Nxe5 13. Bxe5 O-O 14.
Nf3 Bf7 15. Bb2 Ng6 16. Qd2 Qc7 17. h4 Nf4 18. Bf1 e5 19. O-O-O a5 20. d4 exd4 21.
Nxd4 Ne6 22. Kb1 Nxd4 23. Qxd4 Bg6 24. h5 Be4 25. Rg1 Rae8 26. Bc4 Kh8 27. Bd3 Be5 28. Qc5 Bd6 29. Qc3 Be5 30. Qd2 Bxd3 31. Qxd3 Bxb2 32. Kxb2 Qe5+ 33. Kb1 Qe4 34. Qd2 Qe2 35. Qxa5 Rxf2 36.
Qc5 Qe7 37. Qxf2 1-0

[Event "*** Titled Tuesday Blitz"]
[Site "Chess.com"]
[Date "2020.04.14"]
[Round "2"]
[White "Tashik"]
[Black "Sanan_Sjugirov"]
[Result "0-1"]
[WhiteElo "2567"]
[BlackElo "2827"]
[TimeControl "180+1"]
[EndTime "10:16:56 PDT"]
[Termination "Sanan_Sjugirov won by resignation"]

1. c4 e6 2. Nc3 d5 3. d4 a6 4. cxd5 exd5 5. Nf3 c6 6. Bf4 Nf6 7. e3 Bd6 8. Bxd6 Qxd6 9. Bd3 Bg4 10. Qb3 b5 11. Ne5 Nbd7 12. Nxg4 Nxg4 13. h3 Ngf6 14. O-O O-O 15. Rac1 c5 16. dxc5 Nxc5 17. Qd1 Rfd8 18. Ne2 g6 19. Nd4 Rac8 20. Qe2 Ne6 21. Nxe6 Qxe6 22.
Rc2 Rxc2 23. Qxc2 d4 24. exd4 Qxa2 25. Qc3 Qd5 26. Ra1 Qxd4 27. Qxd4 Rxd4 28. Rxa6 Rxd3 29. Rxf6 Rb3 30. Rb6 Rxb2 31. h4 h5 32. g3 Kf8 33.
Rb7 Kg7 34. Kg2 Kf6 35. Kf3 Ke6 36. g4 Rb3+ 37. Kg2 hxg4 0-1

[Event "*** Titled Tuesday Blitz"]
[Site "Chess.com"]
[Date "2020.04.14"]
[Round "2"]
[White "dukicz123"]
[Black "want2lose"]
[Result "1-0"]
[WhiteElo "2564"]
[BlackElo "2763"]
[TimeControl "180+1"]
[EndTime "10:16:56 PDT"]
[Termination "dukicz123 won by checkmate"]

1. e4 e6 2. d4 d5 3. Nc3 Nf6 4. e5 Nfd7 5. f4 c5 6. Nf3 Nc6 7. Be3 cxd4 8. Nxd4 Qb6 9. Qd2 Qxb2 10. Rb1 Qa3 11.
Bb5 Nxd4 12. Bxd4 a6 13. Bxd7+ Bxd7 14. Rxb7 Qe7 15. O-O Qd8 16. Rfb1 Qc8 17. Qe3 Bc6 18.
R7b6 Be7 19. Bc5 Bd8 20. R6b2 f5 21. Bd6 Kf7 22. Ne2 Qd7 23. Nd4 Be7 24. Bxe7 Kxe7 25. Nxc6+ Qxc6 26. Rb7+ Kd8 27. Rb8+ Kc7 28. Rxh8 Qxc2 29. Qb6+ Kd7 30. Qd6# 1-0

[Event "*** Titled Tuesday Blitz"]
[Site "Chess.com"]
[Date "2020.04.14"]
[Round "2"]
[White "PotapovaM"]
[Black "KoustavChatterjee1"]
[Result "0-1"]
[WhiteElo "2518"]
[BlackElo "2726"]
[TimeControl "180+1"]
[EndTime "10:16:56 PDT"]
[Termination "KoustavChatterjee1 won on time"]

1. d4 Nf6 2. c4 e6 3. Nf3 d5 4.
g3 Bb4+ 5. Bd2 Be7 6. Bg2 O-O 7. O-O Nbd7 8. Qc2 Ne4 9. Bf4 c6 10. Rc1 g5 11. Be3 Nd6 12. cxd5 exd5 13. Nc3 Nb6 14.
b3 Bf5 15. Qd1 Re8 16. Ne5 f6 17. Nd3 Nd7 18. f3 Bf8 19. Bf2 Bg6 20. Qd2 Bg7 21. Re1 f5 22. Rac1 a5 23. Na4 Rc8 24. Nac5 Nxc5 25.
Nxc5 h6 26. a4 Re7 27. e3 Qf8 28. Qxa5 f4 29. exf4 gxf4 30. Rxe7 Qxe7 31. Re1 Qf7 32.
g4 Re8 33. Qd2 Rxe1+ 34. Qxe1 b6 35. Ne6 Bh8 36. Bh3 Bc2 37. Qc3 Bxb3 38. Qxb3 Qxe6 39.
Qxb6 Nc4 40. Qd8+ Kh7 41. g5 Qxh3 42. Qe7+ Bg7 43. gxh6 Qxh6 44. a5 Nxa5 0-1